AoeStats
← Vega

Fortress

508117691Analyzed
4v4 RM · 10d ago on Sep 21, 2026· 54m 19s· 8 players
Game mode
Random Map
Map size
Huge
Population
200
Speed
Normal
Resources
Standard
Victory
Conquest
Starting age
Dark Age
Ending age
Imperial Age
RankedLock teamsTeams togetherTeam positionsShared explorationLock speedFull tech treeHidden civsTurbo modeCheats
Victory
Defeat
🇦🇷 Cumans · Argentina
771
+12
🇺🇸 Berbers · United States
731
+13
🇺🇸 Franks · United States
611
+18
🇹🇷 Britons · Türkiye
592
+19
🇺🇸 Romans · United States
699
-17
664
-15
🇦🇺 Byzantines · Australia
661
-18
🇦🇷 Poles · Argentina
651
-15
BLAZ306
1:39 Loom
8:15 Feudal Age
8:52 Horse Collar
10:14 Wheelbarrow
10:10 Town Watch
12:11 Gold Mining
12:10 Double-Bit Axe
18:10 Man-at-Arms
21:13 Stone Mining
22:44 Scale Mail Armor
22:54 Forging
22:35 Fletching
25:55 Castle Age
26:39 Squires
26:00 Long Swordsman
26:59 Chain Mail Armor
27:19 Iron Casting
26:44 Pikeman
27:28 Heavy Plow
27:41 Bow Saw
29:29 Caravan
30:00 Coinage
31:13 Hand Cart
33:29 Imperial Age
31:05 Bodkin Arrow
33:00 Gold Shaft Mining
34:30 Legionary
35:52 Crop Rotation
36:36 Conscription
36:24 Ballistas
37:38 Blast Furnace
37:44 Banking
39:23 Ballistics
40:04 Chemistry
39:26 Siege Engineers
41:45 Heavy Scorpion
43:00 Masonry
43:03 Fortified Wall
43:51 Capped Ram
44:10 Halberdier
46:04 Masonry
46:05 Murder Holes
46:02 Guard Tower
50:44 Siege Ram
look my 3 garbag e team noobs,lo
BlueVera2889
8:46 Feudal Age
11:25 Loom
17:12 Castle Age
17:43 Forging
20:36 Squires
23:39 Imperial Age
22:24 Scale Mail Armor
26:42 Logistica
27:00 Conscription
27:49 Iron Casting
27:55 Pikeman
29:52 Double-Bit Axe
30:11 Horse Collar
31:10 Block Printing
32:03 Halberdier
35:32 Wheelbarrow
36:02 Elite Cataphract
38:52 Chain Mail Armor
38:46 Scale Barding Armor
Vega
8:13 Feudal Age
9:07 Horse Collar
11:01 Double-Bit Axe
14:11 Wheelbarrow
16:50 Castle Age
16:00 Forging
16:55 Scale Barding Armor
16:54 Padded Archer Armor
16:49 Fletching
16:56 Gold Mining
17:01 Stone Mining
18:46 Bow Saw
19:29 Husbandry
19:33 Heavy Plow
24:13 Scale Mail Armor
24:53 Iron Casting
25:15 Stone Shaft Mining
26:23 Squires
26:19 Loom
31:11 Chain Barding Armor
31:20 Town Watch
32:15 Chain Mail Armor
32:43 Hand Cart
37:05 Imperial Age
35:22 Bloodlines
36:37 Ballistics
37:14 Cavalier
43:28 Conscription
44:10 Pikeman
HumberV
6:10 Feudal Age
7:30 Wheelbarrow
12:08 Gold Mining
12:09 Stone Mining
12:07 Double-Bit Axe
18:34 Castle Age
17:33 Scale Barding Armor
17:40 Forging
19:43 Husbandry
20:15 Hand Cart
21:15 Gold Shaft Mining
20:54 Bow Saw
28:33 Caravan
29:03 Coinage
33:37 Imperial Age
33:32 Chain Barding Armor
33:48 Iron Casting
34:20 Cavalier
35:36 Banking
36:37 Chivalry
37:29 Plate Barding Armor
37:56 Blast Furnace
36:33 Paladin
38:22 Conscription
37:40 Capped Ram
39:53 Chemistry
39:59 Guard Tower
40:29 Siege Engineers
Looting
2:33 Loom
9:34 Feudal Age
15:27 Castle Age
14:05 Stone Mining
14:46 Fletching
14:58 Padded Archer Armor
15:30 Horse Collar
20:02 Double-Bit Axe
24:36 Gold Mining
28:02 Imperial Age
26:23 Bodkin Arrow
26:39 Forging
27:37 Kasbah
29:49 Chemistry
30:10 Conscription
29:27 Pikeman
32:50 Scale Barding Armor
35:12 Wheelbarrow
34:16 Light Cavalry
35:52 Heavy Plow
36:28 Bracer
36:30 Scale Mail Armor
39:56 Hussar
40:59 Leather Archer Armor
41:27 Murder Holes
47:55 Ring Archer Armor
50:21 Gold Shaft Mining
50:11 Ballistics
50:36 Chain Barding Armor
55:08 Plate Barding Armor
gubii
1:20 Loom
11:19 Feudal Age
13:26 Wheelbarrow
12:39 Double-Bit Axe
13:51 Horse Collar
17:34 Castle Age
17:18 Padded Archer Armor
17:09 Fletching
19:01 Stone Mining
19:54 Pikeman
20:43 Heavy Plow
21:05 Leather Archer Armor
21:09 Caravan
22:20 Hand Cart
23:04 Elite Skirmisher
23:50 Husbandry
24:35 Bodkin Arrow
24:50 Forging
24:44 Squires
27:07 Fortified Wall
30:50 Ballistics
30:20 Heated Shot
31:14 Bow Saw
31:15 Scale Mail Armor
31:24 Man-at-Arms
31:49 Gambesons
32:28 Yeomen
32:11 Long Swordsman
32:53 Arson
34:03 Iron Casting
35:17 Chain Mail Armor
35:08 Scale Barding Armor
40:56 Coinage
43:47 Imperial Age
45:36 Banking
44:43 Halberdier
44:44 Two-Handed Swordsman
44:58 Elite Longbowman
45:26 Elite Genitour
46:21 Champion
47:16 Warwolf
51:01 Chemistry
50:51 Conscription
52:41 Onager
54:23 Ring Archer Armor
VivaPeron
0:42 Loom
6:55 Feudal Age
8:34 Wheelbarrow
7:47 Double-Bit Axe
15:31 Gold Mining
15:31 Stone Mining
15:25 Horse Collar
24:15 Castle Age
22:16 Man-at-Arms
25:44 Fletching
25:15 Capped Ram
25:59 Long Swordsman
26:00 Pikeman
26:40 Squires
28:57 Forging
28:47 Padded Archer Armor
28:42 Bodkin Arrow
30:34 Iron Casting
33:14 Caravan
34:13 Leather Archer Armor
33:58 Scale Mail Armor
34:03 Scale Barding Armor
35:03 Hand Cart
35:15 Bow Saw
36:23 Chain Mail Armor
37:54 Steppe Husbandry
38:18 Chain Barding Armor
38:09 Light Cavalry
38:59 Bloodlines
39:14 Masonry
39:00 Murder Holes
40:03 Ballistics
44:07 Gold Shaft Mining
45:20 Heated Shot
47:36 Fervor
53:01 Imperial Age
54:52 Blast Furnace
54:27 Plate Barding Armor
53:23 Elite Kipchak
54:40 Hoardings
Connection lost

Rejoining the realm…

Still unreachable

The connection could not be restored.

Session expired

The server has moved on; the page needs a fresh start.